AoeStats
← Dark Woinic

Lombardia

507461548Analyzed
3v3 RM · 12d ago on Sep 18, 2026· 50m 2s· 6 players
Game mode
Random Map
Map size
Normal (6 player)
Population
200
Speed
Normal
Resources
Standard
Victory
Conquest
Starting age
Dark Age
Ending age
Imperial Age
RankedLock teamsTeams togetherTeam positionsShared explorationLock speedFull tech treeHidden civsTurbo modeCheats
Victory
Defeat
🇬🇧 Goths · United Kingdom
1142
+10
🇪🇸 Cumans · Spain
1126
+11
🇫🇷 Malay · France
1112
+11
🇨🇳 Slavs · China
1067
-13
🇨🇳 Italians · China
1039
-12
🇨🇳 Hindustanis · China
902
-7
Dark Woinic
2:53 Loom
10:23 Feudal Age
10:52 Double-Bit Axe
18:36 Castle Age
16:54 Gold Mining
16:46 Horse Collar
18:14 Scale Barding Armor
25:26 Forging
27:58 Wheelbarrow
32:38 Imperial Age
30:34 Bow Saw
32:23 Elite Battle Elephant
34:07 Hand Cart
34:07 Heavy Scorpion
36:31 Iron Casting
36:55 Fletching
39:22 Blast Furnace
39:03 Gold Shaft Mining
39:46 Husbandry
41:50 Ballistics
43:27 Conscription
45:07 Treadmill Crane
46:28 Chemistry
46:28 Heavy Plow
46:48 Masonry
48:33 Bodkin Arrow
48:49 Siege Engineers
KingUrs4721
1:18 Loom
11:58 Feudal Age
12:27 Double-Bit Axe
12:24 Horse Collar
13:31 Man-at-Arms
24:54 Castle Age
24:48 Forging
24:38 Scale Mail Armor
24:45 Scale Mail Armor
27:08 Iron Casting
26:48 Chain Mail Armor
27:08 Gold Mining
27:11 Stone Mining
27:33 Squires
28:43 Wheelbarrow
27:55 Town Watch
28:33 Heavy Plow
29:13 Long Swordsman
32:29 Chain Mail Armor
32:59 Fletching
33:09 Padded Archer Armor
34:33 Hand Cart
34:18 Town Patrol
35:22 Ballistics
35:19 Bodkin Arrow
35:39 Leather Archer Armor
35:53 Leather Archer Armor
37:31 Heated Shot
43:58 Imperial Age
44:05 Elite Huskarl
45:05 Conscription
45:47 Blast Furnace
44:10 Two-Handed Swordsman
45:56 Champion
47:05 Bow Saw
Barbas_97
10:41 Feudal Age
11:24 Double-Bit Axe
11:22 Horse Collar
19:36 Gold Mining
19:37 Stone Mining
20:46 Wheelbarrow
19:56 Loom
19:57 Town Watch
21:11 Forging
21:06 Scale Barding Armor
23:54 Castle Age
22:39 Bloodlines
25:33 Hand Cart
25:45 Chain Barding Armor
26:01 Iron Casting
28:41 Imperial Age
27:14 Gold Shaft Mining
29:50 Conscription
30:41 Blast Furnace
30:36 Elite Steppe Lancer
34:32 Plate Barding Armor
37:08 Light Cavalry
38:10 Hussar
39:09 Cuman Mercenaries
40:59 Elite Skirmisher
41:46 Thumb Ring
42:18 Fletching
42:28 Padded Archer Armor
43:01 Bodkin Arrow
43:29 Ballistics
44:09 Chemistry
43:21 Masonry
46:59 Murder Holes
47:59 Hoardings
Wddjack4
11:17 Feudal Age
12:31 Loom
17:30 Castle Age
16:49 Stone Mining
19:14 Stone Shaft Mining
19:35 Horse Collar
19:43 Double-Bit Axe
23:34 Fletching
23:45 Padded Archer Armor
28:21 Wheelbarrow
29:50 Heavy Plow
35:04 Imperial Age
32:14 Crossbowman
34:22 Bodkin Arrow
34:42 Leather Archer Armor
34:52 Thumb Ring
35:23 Murder Holes
35:50 Ballistics
38:05 Imperial Age
37:52 Hand Cart
37:23 Town Watch
40:48 Chemistry
40:20 Conscription
40:29 Pirotechnia
41:33 Bracer
42:04 Ring Archer Armor
43:29 Elite Genoese Crossbowman
颜笑
10:54 Feudal Age
10:10 Loom
16:19 Castle Age
15:48 Double-Bit Axe
19:46 Horse Collar
21:05 Heavy Plow
21:19 Bow Saw
21:13 Heavy Plow
23:48 Scale Barding Armor
24:04 Detinets
25:21 Stone Mining
26:30 Forging
28:11 Iron Casting
28:00 Chain Barding Armor
29:45 Iron Casting
30:14 Gold Mining
32:13 Wheelbarrow
37:36 Imperial Age
35:44 Fortified Wall
39:49 Conscription
39:42 Murder Holes
41:15 Coinage
42:18 Masonry
43:20 Hoardings
47:36 Theocracy
嗳在七元钱
11:27 Feudal Age
13:13 Double-Bit Axe
16:14 Bloodlines
16:40 Loom
21:56 Castle Age
20:57 Gold Mining
23:47 Gold Shaft Mining
23:15 Husbandry
23:41 Bow Saw
23:25 Stone Mining
23:49 Horse Collar
26:25 Stone Shaft Mining
27:42 Light Cavalry
30:19 Wheelbarrow
29:32 Town Watch
32:59 Imperial Age
32:37 Hand Cart
33:26 Squires
32:46 Pikeman
Connection lost

Rejoining the realm…

Still unreachable

The connection could not be restored.

Session expired

The server has moved on; the page needs a fresh start.